 Dungeon Crawl Stone Soup version 0.29-a0-243-g602b31c20e (webtiles) character file.

Game seed: 5989457889884148525

815 FizzleBang the Sneak (level 8, 0/57 HPs)
             Began as a Formicid Arcane Marksman on Mar 5, 2022.
             Was a Follower of Cheibriados.
             Slain by an orc
             ... wielding the +8 frozen axe "Frostbite" {freezing cloud, *Noise Fly rC+}
              (3 damage)
             ... on level 4 of the Dungeon.
             The game lasted 00:32:05 (4653 turns).

FizzleBang the Sneak (Formicid Arcane Marksman)     Turns: 4653, Time: 00:32:06

Health: 0/57       AC:  8    Str: 16    XL:     8   Next: 16%
Magic:  9/9        EV: 11    Int: 16    God:    Cheibriados [*.....]
Gold:   160        SH:  0    Dex: 15    Spells: 8/9 levels left

rFire   . . .      SeeInvis +   b - +1 dagger (elec)
rCold   . . .      Faith    .   (no shield)
rNeg    . . .      Spirit   .   n - +0 ring mail
rPois   .          Reflect  .   (helmet unavailable)
rElec   .          Harm     .   (no cloak)
rCorr   +          Rampage  .   i - +2 pair of gloves
Will    .....                   (no boots)
Stlth   +++.......              (no amulet)
HPRegen 0.19/turn               d - ring of resist corrosion
MPRegen 0.11/turn               o - ring of wizardry

@: attractive, very slow
A: permanent stasis, dig shafts and tunnels, antennae 3, four strong arms
a: Dig, Shaft Self, Renounce Religion, Bend Time


You were on level 4 of the Dungeon.
You worshipped Cheibriados.
Cheibriados was aware of your devotion.
You visited 1 branch of the dungeon, and saw 4 of its levels.
You also visited: Sewer.

You collected 160 gold pieces.

Inventory:

Hand Weapons
 a - a +0 hand crossbow
 b - a +1 dagger of electrocution (weapon)
Missiles
 e - 9 javelins (quivered)
 m - 5 boomerangs
 t - 5 poisoned darts
Armour
 i - a +2 pair of gloves (worn)
 n - a +0 ring mail (worn)
Jewellery
 d - a ring of resist corrosion (left hand)
 h - a ring of fire
 o - a ring of wizardry (right hand)
Scrolls
 c - a scroll of fear {unknown}
 g - a scroll of noise {unknown}
 q - a scroll of vulnerability {unknown}
 r - a scroll of blinking {unknown}
Potions
 f - a potion of lignification {unknown}
 k - 2 potions of brilliance
 l - a potion of attraction
 p - a potion of flight {unknown}
Miscellaneous
 s - a box of beasts (inert)


   Skills:
 + Level 2.7 Fighting
 + Level 0.0 Axes
 - Level 6.3 Crossbows
 - Level 1.7 Dodging
 - Level 7.1 Stealth
 - Level 1.1 Spellcasting
 - Level 3.6 Hexes


You had 8 spell levels left.
You knew the following spells:

 Your Spells              Type           Power      Damage    Failure   Level
a - Slow                  Hex            48%        N/A       4%          1

Your spell library contained the following spells:

 Spells                   Type           Power      Damage    Failure   Level
 Pain                     Necr           0%         1d4       17%         1
 Sandblast                Erth           0%         2d4       17%         1
 Inner Flame              Hex/Fire       6%         N/A       24%         3
 Portal Projectile        Hex/Tloc       12%        N/A       24%         3
 Passwall                 Tmut/Erth      0%         N/A       26%         2
 Cause Fear               Hex            6%         N/A       36%         4
 Stone Arrow              Conj/Erth      0%         3d7       45%         3
 Agony                    Necr           0%         N/A       99%         5
 Excruciating Wounds      Necr           0%         N/A       99%         5


Dungeon Overview and Level Annotations

Branches:
Dungeon (4/15)              Sewer (visited)
 Temple: D:4-7

Altars:
Cheibriados


Innate Abilities, Weirdness & Mutations

You cannot be hasted, slowed, berserked, paralysed or teleported.
You can dig through walls and to a lower floor.
You have a pair of large antennae on your head. (SInv)
Your four strong arms can wield two-handed weapons with a shield.


Message History

b - a +1 dagger of electrocution (weapon)
You hit the orc.
The orc is moderately wounded.
The orc hits you with a +0 falchion.
You closely miss the orc.
The orc is moderately wounded.
The orc hits you with a +0 falchion.
You closely miss the orc.
The orc is moderately wounded.
The orc hits you with a +0 falchion.
You hit the orc. Lightning courses through the orc!!
You kill the orc!
Cheibriados appreciates the change of pace.
You see here a +0 falchion.
A dart slug comes into view.
Items here: ! (( )) [[ ††.
Your +1 dagger of electrocution stops crackling.
a - a +0 hand crossbow (weapon)
You shoot a bolt.
The bolt hits the dart slug but does no damage.
The dart slug launches a dart at you.
The slug dart hits you but does no damage.
You shoot a bolt. The bolt hits the dart slug.
The dart slug is lightly wounded.
The dart slug briefly extends its eye-stalks.
You shoot a bolt. The bolt hits the dart slug.
The dart slug is heavily wounded.
You shoot a bolt. The bolt hits the dart slug.
The dart slug is severely wounded.
You shoot a bolt. The bolt hits the dart slug.
You kill the dart slug!
t - 4 poisoned darts (gained 2)
Press: ? - help, v - describe, . - travel, g - get item
Items here: ! ( )) [[ ††.
The floor, spattered with blood.
m - 5 boomerangs (gained 3);
n - a +0 ring mail;
p - a yellow potion
t - 5 poisoned darts (gained 1)
Items here: )) [ ††.
You see here a +0 falchion.
There is an open door here.
You close the door.
You start removing your armour.
You continue taking off your +0 scale mail. x4
You finish taking off your +0 scale mail.
You start putting on your armour.
You continue putting on your +0 ring mail. x5
You finish putting on your +0 ring mail.
You are a level 8 Formicid Arcane Marksman.
You are 15% of the way to level 9.
Play time: 00:29:47 (4610 turns).
Zot will find you in 30502 turns if you stay in this branch and explore no new floors.
Your movement speed is very slow.
Your attack delay is about 1.2 (and is slowed by your armour).
Your base attributes are Str 14, Int 14, Dex 13.
You drop a +0 scale mail.
You hear the crackle of electricity.
b - a +1 dagger of electrocution (weapon)
You see here a +0 scale mail.
You open the door.
An endoplasm comes into view.
Your +1 dagger of electrocution stops crackling.
a - a +0 hand crossbow (weapon)
You shoot a bolt. The endoplasm quivers.
The bolt hits the endoplasm!
You kill the endoplasm!
Cheibriados appreciates the change of pace.
There is an open door here.
An orc comes into view.
It is wielding the +8 frozen axe "Frostbite" {freezing cloud, *Noise Fly rC+}.
You shoot a bolt. The orc shouts!
The bolt hits the orc but does no damage.
You shoot a bolt.
The bolt hits the orc but does no damage.
You shoot a bolt.
The bolt hits the orc but does no damage.
You shoot a bolt. The bolt closely misses the orc.
You hear the crackle of electricity.
b - a +1 dagger of electrocution (weapon)
The orc hits you with the +8 frozen axe "Frostbite" {freezing cloud, *Noise Fly rC+}!
The orc freezes you.
You closely miss the orc. The orc barely misses you.
You hit the orc but do no damage. The orc barely misses you.
You barely miss the orc.
The orc hits you with the +8 frozen axe "Frostbite" {freezing cloud, *Noise Fly rC+}!
The orc freezes you.
You closely miss the orc.
The orc hits you with the +8 frozen axe "Frostbite" {freezing cloud, *Noise Fly rC+}!
* * * LOW HITPOINT WARNING * * *
The orc freezes you.
* * * LOW HITPOINT WARNING * * *
Okay, then.
Okay, then.
Okay, then.
Okay, then.
It was a potion of attraction.
You feel attractive to monsters.
The orc hits you with the +8 frozen axe "Frostbite" {freezing cloud, *Noise Fly rC+}!
* * * LOW HITPOINT WARNING * * *
The orc freezes you.
You die...

.... #..# #.#.#.#....#
# ...
#..###.#.#.#....# #.
#......#.#.#....#
####.#
#>.........#.####
......
#..........#.....
....##................
.O.#.............# {
#.#...........#.#
#)........o@###.#
##†.........'[..#
..##..........#####
..O...>..###.###
.......#.###)#
........#.)...#
........#######
........# ........#


You could see an orc.

Vanquished Creatures
  Grinder (D:3)
  2 bullfrogs (Sewer)
  2 scorpions (D:4)
  An orc priest (D:4)
  Jessica (D:2)
  Natasha (thrice) (D:2)
  An iguana (D:4)
  5 adders
  2 worms
  3 dart slugs
  8 orcs
  21 endoplasms
  18 giant cockroaches
  7 goblins
  A hobgoblin (D:4)
  A jackal (D:1)
  5 kobolds
  11 quokkas
  14 ball pythons
  4 bats
  18 frilled lizards
  7 rats
136 creatures vanquished.

Vanquished Creatures (collateral kills)
  Terence (D:3)
1 creature vanquished.

Grand Total: 137 creatures vanquished

Notes
Turn   | Place    | Note
-------+----------+-------------------------------------------
     0 | D:1      | FizzleBang the Formicid Arcane Marksman began the quest for
                  | the Orb.
     0 | D:1      | Reached XP level 1. HP: 15/15 MP: 2/2
     3 | D:1      | Found a runed translucent door.
   165 | D:1      | Reached skill level 1 in Stealth
   296 | D:1      | Reached XP level 2. HP: 21/21 MP: 1/3
   496 | D:1      | Reached skill level 2 in Stealth
   584 | D:1      | Reached XP level 3. HP: 26/26 MP: 4/4
  1452 | D:2      | Found a faded altar of an unknown god.
  1566 | D:2      | Reached XP level 4. HP: 32/32 MP: 5/5
  1592 | D:2      | Reached skill level 3 in Stealth
  1687 | D:2      | Noticed Jessica
  1705 | D:2      | Killed Jessica
  1919 | D:2      | Noticed Natasha
  1924 | D:2      | Killed Natasha
  1925 | D:2      | Reached skill level 4 in Stealth
  1925 | D:2      | Reached XP level 5. HP: 37/37 MP: 6/6
  1972 | D:2      | Noticed Natasha
  1984 | D:2      | Killed Natasha
  2178 | D:2      | Noticed Natasha
  2193 | D:2      | Killed Natasha
  2671 | D:3      | Found a glowing drain.
  2687 | Sewer    | Entered a sewer
  2697 | Sewer    | Reached XP level 6. HP: 25/43 MP: 7/7
  2990 | Sewer    | Reached skill level 5 in Stealth
  3208 | Sewer    | Reached skill level 5 in Crossbows
  3208 | Sewer    | Reached skill level 6 in Stealth
  3208 | Sewer    | Reached XP level 7. HP: 27/48 MP: 8/8
  3495 | D:3      | Found a snail-covered altar of Cheibriados.
  3508 | D:3      | Became a worshipper of Cheibriados the Contemplative
  3976 | D:3      | Noticed Grinder
  3976 | D:3      | Noticed Terence
  3989 | D:3      | Killed Terence
  3994 | D:3      | Killed Grinder
  3995 | D:3      | Reached skill level 7 in Stealth
  4316 | D:4      | Reached XP level 8. HP: 56/56 MP: 9/9
  4469 | D:4      | Reached * piety under Cheibriados
  4653 | D:4      | Slain by an orc

Illustrated notes

Levels and vault maps discovered:
D:1:      dpeg_arrival_caged_fury, layout_basic, chequers_mini_garden
D:2:      layout_loops_ring, basic_ecumenical_altar, uniq_jessica, uniq_natasha
D:3:      layout_basic, portal_sewer_entry_f, kennysheep_flooded_box,
          hangedman_decor_points, hex_medium, minmay_crystal_room, uniq_grinder,
          uniq_terence
D:4:      layout_basic, minmay_goblin_kobold_house

Skill      XL: |  1  2  3  4  5  6  7 |
---------------+----------------------+-----
Stealth        | 1 2 4 6 7 |  7.1
Crossbows      | 3 4 5 6 |  6.3
Fighting       | 2 |  2.7
Dodging        | |  1.7
Spellcasting   | |  1.1
Hexes          | |  3.6

Action                   |  1- 3 |  4- 6 |  7- 9 || total
-------------------------+-------+-------+-------++-------
Melee: Dagger            |    66 |    96 |    72 ||   234
       Punch             |     1 |     2 |     1 ||     4
 Fire: Hand crossbow     |    54 |   111 |    41 ||   206
Throw: Dart              |       |       |    10 ||    10
 Cast: Slow              |     8 |       |       ||     8
Evoke: Box of beasts     |       |       |     1 ||     1
  Use: Scroll            |       |       |     5 ||     5
       Potion            |       |       |     3 ||     3
 Stab: Invisible         |       |       |     2 ||     2
       Sleeping          |       |       |     1 ||     1
Armor: Robe              |    18 |       |       ||    18
       Scale mail        |       |    57 |    29 ||    86
Dodge: Dodged            |    49 |    59 |    34 ||   142

Table legend: (Time is in decaauts)
 A = Elapsed time spent in this place.
 B = Non-inter-level travel time spent in this place.
 C = Inter-level travel time spent in this place.
 D = Time resting spent in this place.
 E = Time spent auto-exploring this place.
 F = Levels seen in this place.
 G = Mean time per level.
                   A        B        C        D        E       F      G
               +--------+--------+--------+--------+--------+-----+--------+
         Total |   4985 |   4801 |    184 |   1289 |   2216 |   5 |  997.0 |
       Dungeon |   4141 |   3957 |    184 |    924 |   2050 |   4 | 1035.2 |
         Sewer |    844 |    844 |      0 |    365 |    165 |   1 |  844.0 |
               +--------+--------+--------+--------+--------+-----+--------+

Top non-repeatable levels by time:
     D:1: 1423 daAuts
     D:3: 1148 daAuts
     D:2: 1109 daAuts
   Sewer: 844 daAuts
     D:4: 459 daAuts
